MLB
CINCINNATI REDS @ ST. LOUIS CARDINALS
06/27/2049
 
TOP OF THE 1ST
Cincinnati Reds batting - Pitching for St. Louis Cardinals : RHP Doug Seliger
Pitching: RHP Doug Seliger
Batting: LHB Ricky Ayon 0-0: Called Strike
0-1: Foul Ball, location: 2F
0-2: Foul Ball, location: 2F
0-2: Foul Ball, location: 2F
0-2: Hit by Pitch
Batting: SHB Jun Tsuda 0-0: Ball
1-0: Called Strike
1-1: Ball
2-1: Ball
3-1: Base on Balls
Ricky Ayon to second
Batting: RHB Tony Casas 0-0: Ball
1-0: Foul Ball, location: 2F
1-1: Foul Ball, location: 2F
1-2: Ball
2-2: Ball
3-2: Base on Balls
Ricky Ayon to third
Jun Tsuda to second
Batting: LHB Chris Grunwald 0-0: Ball
1-0: Ball
2-0: Ball
3-0: Base on Balls
Ricky Ayon scores
Jun Tsuda to third
Tony Casas to second
Batting: SHB Dave Barefoot 0-0: Called Strike
0-1: Ball
1-1: GRAND SLAM HOME RUN (Flyball, 89XD, EV 103.1 MPH), Distance : 426 ft
Batting: SHB Saulo Maina 0-0: Ball
1-0: Ball
2-0: Called Strike
2-1: Swinging Strike
2-2: Hit by Pitch
Batting: LHB Antonio Figueroa 0-0: Called Strike
0-1: Ball
1-1: Ball
Pickoff Throw to First - Error! E1
Saulo Maina to second
2-1: Foul Ball, location: 2F
2-2: Strikes out swinging
Batting: RHB Steve Castleberry 0-0: Called Strike
0-1: Called Strike
0-2: Ball
1-2: Ball
2-2: Foul Ball, location: 2F
2-2: Foul Ball, location: 2F
2-2: Ball
3-2: Base on Balls
Pitching: RHP David Murphy
Batting: RHB Joseph Kirchmann 0-0: Called Strike
0-1: Grounds into double play, 6-4-3 (Groundball, 6, EV 76.9 MPH)
Top of the 1st over - 5 runs, 1 hit, 1 error, 1 left on base; Cincinnati 5 - St. Louis 0
BOTTOM OF THE 1ST
St. Louis Cardinals batting - Pitching for Cincinnati Reds : RHP Ryan Sobocinski
Pitching: RHP Ryan Sobocinski
Batting: LHB Ichiro Toyota 0-0: Ground out 6-3 (Groundball, 6, EV 89.4 MPH)
Batting: LHB Pat Sutton 0-0: Ball
1-0: Ball
2-0: Ball
3-0: Called Strike
3-1: Base on Balls
Batting: LHB Billy Guzman 0-0: Called Strike
0-1: TRIPLE (Flyball, 9LD, EV 102.5 MPH)
Pat Sutton scores
Batting: SHB Antoine Roux 0-0: Fly out, F2 (Popup, 23F, EV 75.0 MPH)
Batting: LHB Armando Carbajal 0-0: Called Strike
0-1: Called Strike
0-2: Fly out, F7 (Flyball, 78M, EV 87.5 MPH)
Bottom of the 1st over - 1 run, 1 hit, 0 errors, 1 left on base; Cincinnati 5 - St. Louis 1
TOP OF THE 2ND
Cincinnati Reds batting - Pitching for St. Louis Cardinals : RHP David Murphy
Batting: LHB Ricky Ayon 0-0: Called Strike
0-1: Ball
1-1: Swinging Strike
1-2: Strikes out swinging
Batting: SHB Jun Tsuda 0-0: Ball
1-0: Ball
2-0: Ball
3-0: Base on Balls
Batting: RHB Tony Casas 0-0: Ball
1-0: Called Strike
1-1: Foul Ball, location: 2F
1-2: Fly out, F8 (Flyball, 8RXD, EV 100.6 MPH)
Batting: LHB Chris Grunwald 0-0: Ball
1-0: Ball
2-0: Ground out U3 (Groundball, 3, EV 78.1 MPH)
Top of the 2nd over - 0 runs, 0 hits, 0 errors, 1 left on base; Cincinnati 5 - St. Louis 1
BOTTOM OF THE 2ND
St. Louis Cardinals batting - Pitching for Cincinnati Reds : RHP Ryan Sobocinski
Batting: RHB Tyler Walker 0-0: Foul Ball, location: 2F
0-1: Ball
1-1: Swinging Strike
1-2: Ball
2-2: Strikes out swinging
Batting: SHB Chris Blue 0-0: Ball
1-0: Ball
2-0: Called Strike
2-1: Swinging Strike
2-2: Ball
3-2: Strikes out swinging
Batting: RHB Danny Gallo 0-0: Ball
1-0: Ball
2-0: SINGLE (Groundball, 56D, EV 99.4 MPH)
Batting: SHB Jason Kirby 0-0: Ball
1-0: Called Strike
1-1: Ground out 4-3 (Groundball, 4, EV 84.4 MPH)
Bottom of the 2nd over - 0 runs, 1 hit, 0 errors, 1 left on base; Cincinnati 5 - St. Louis 1
TOP OF THE 3RD
Cincinnati Reds batting - Pitching for St. Louis Cardinals : RHP David Murphy
Batting: SHB Dave Barefoot 0-0: Ball
1-0: Called Strike
1-1: Ball
2-1: Swinging Strike
2-2: Ball
3-2: Foul Ball, location: 2F
3-2: Base on Balls
Batting: SHB Saulo Maina 0-0: Called Strike
Dave Barefoot is caught stealing 2nd base 2-6
0-1: Fly out, F8 (Flyball, 8LXD, EV 105.6 MPH)
Batting: LHB Antonio Figueroa 0-0: Ball
1-0: Called Strike
1-1: Called Strike
1-2: Ball
2-2: Foul Ball, location: 2F
2-2: Ball
3-2: Foul Ball, location: 2F
3-2: Strikes out swinging
Top of the 3rd over - 0 runs, 0 hits, 0 errors, 0 left on base; Cincinnati 5 - St. Louis 1
BOTTOM OF THE 3RD
St. Louis Cardinals batting - Pitching for Cincinnati Reds : RHP Ryan Sobocinski
Batting: LHB Ichiro Toyota 0-0: Ball
1-0: SOLO HOME RUN (Flyball, 89XD, EV 103.1 MPH), Distance : 380 ft
Batting: LHB Pat Sutton 0-0: SINGLE (Flyball, 56D, EV 87.5 MPH) - OUT at second base trying to stretch hit.
Batting: LHB Billy Guzman 0-0: Ball
1-0: Ball
2-0: Ball
3-0: Base on Balls
Batting: SHB Antoine Roux 0-0: Ball
1-0: DOUBLE (Groundball, 3L, EV 108.8 MPH)
Billy Guzman to third
Batting: LHB Armando Carbajal 0-0: Called Strike
0-1: Foul Ball, location: 2F
0-2: Ball
1-2: Ball
2-2: Ball
3-2: Base on Balls
Batting: RHB Tyler Walker 0-0: Swinging Strike
0-1: Called Strike
0-2: Ball
1-2: SINGLE (Groundball, 6MD, EV 105.6 MPH)
Billy Guzman scores
Antoine Roux to third
Armando Carbajal to second
Runner from 3rd tries for Home, SAFE, throw by CF to home
Batting: SHB Chris Blue 0-0: Ball
1-0: Fielders Choice at 2nd, 3-6 (Groundball, 3, EV 81.9 MPH)
Armando Carbajal to third
Batting: RHB Danny Gallo 0-0: Foul Ball, location: 2F
0-1: SINGLE (Groundball, 56S, EV 64.4 MPH) (infield hit)
Armando Carbajal scores
Chris Blue to second
Batting: SHB Jason Kirby 0-0: Called Strike
0-1: Fly out, F7 (Line Drive, 7LS, EV 91.9 MPH)
Bottom of the 3rd over - 4 runs, 5 hits, 0 errors, 2 left on base; Cincinnati 5 - St. Louis 5
TOP OF THE 4TH
Cincinnati Reds batting - Pitching for St. Louis Cardinals : RHP David Murphy
Batting: RHB Steve Castleberry 0-0: Called Strike
0-1: Foul Ball, location: 2F
0-2: Ground out 4-3 (Groundball, 34, EV 90.6 MPH)
Batting: RHB Joseph Kirchmann 0-0: Fly out, F9 (Flyball, 9, EV 92.5 MPH)
Batting: LHB Ricky Ayon 0-0: Ball
1-0: Swinging Strike
1-1: Ball
2-1: Swinging Strike
2-2: Foul Ball, location: 2F
2-2: Ball
3-2: Strikes out swinging
Top of the 4th over - 0 runs, 0 hits, 0 errors, 0 left on base; Cincinnati 5 - St. Louis 5
BOTTOM OF THE 4TH
St. Louis Cardinals batting - Pitching for Cincinnati Reds : RHP Ryan Sobocinski
Batting: LHB Ichiro Toyota 0-0: Ball
1-0: Fly out, F3 (Line Drive, 3L, EV 69.4 MPH)
Batting: LHB Pat Sutton 0-0: Ball
1-0: Ball
2-0: Called Strike
2-1: Foul Ball, location: 2F
2-2: DOUBLE (Line Drive, 78M, EV 87.5 MPH)
Batting: LHB Billy Guzman 0-0: Intentional Walk
Batting: SHB Antoine Roux 0-0: Called Strike
0-1: Ball
1-1: Ball
2-1: Ground out 5-3 (Groundball, 56S, EV 75.0 MPH)
Pat Sutton to third
Billy Guzman to second
Batting: LHB Armando Carbajal 0-0: Swinging Strike
0-1: Ball
1-1: Foul Ball, location: 2F
1-2: Strikes out swinging
Bottom of the 4th over - 0 runs, 1 hit, 0 errors, 2 left on base; Cincinnati 5 - St. Louis 5
TOP OF THE 5TH
Cincinnati Reds batting - Pitching for St. Louis Cardinals : RHP David Murphy
Batting: SHB Jun Tsuda 0-0: Ball
1-0: Ball
2-0: Ball
3-0: Base on Balls
Batting: RHB Tony Casas 0-0: Called Strike
0-1: Ball
1-1: Ball
2-1: Foul Ball, location: 2F
2-2: Fly out, F6 (Line Drive, 6M, EV 81.9 MPH)
Batting: LHB Chris Grunwald 0-0: Called Strike
0-1: Ball
1-1: Grounds into double play, 4-6-3 (Groundball, 4, EV 86.2 MPH)
Top of the 5th over - 0 runs, 0 hits, 0 errors, 0 left on base; Cincinnati 5 - St. Louis 5
BOTTOM OF THE 5TH
St. Louis Cardinals batting - Pitching for Cincinnati Reds : RHP Ryan Sobocinski
Batting: RHB Tyler Walker 0-0: Foul Ball, location: 2F
0-1: Ball
1-1: Ball
2-1: SINGLE (Groundball, 56D, EV 95.6 MPH) (infield hit)
Batting: SHB Chris Blue 0-0: Foul Ball, location: 2F
0-1: Fly out, F8 (Flyball, 8RD, EV 108.1 MPH)
Batting: RHB Danny Gallo 0-0: Ball
1-0: DOUBLE (Line Drive, 9LM, EV 102.5 MPH)
Tyler Walker to third
Batting: SHB Jason Kirby 0-0: Swinging Strike
0-1: TRIPLE (Flyball, 78XD, EV 98.1 MPH)
Tyler Walker scores
Danny Gallo scores
Pitching: RHP Robbie Delgado
Batting: LHB Ichiro Toyota 0-0: SINGLE (Flyball, 4D, EV 88.1 MPH)
Jason Kirby scores
Batting: LHB Pat Sutton 0-0: Fly out, F9 (Flyball, 9D, EV 80.0 MPH)
Batting: LHB Billy Guzman 0-0: Called Strike
Ichiro Toyota is caught stealing 2nd base 2-6
Bottom of the 5th over - 3 runs, 4 hits, 0 errors, 0 left on base; Cincinnati 5 - St. Louis 8
TOP OF THE 6TH
Cincinnati Reds batting - Pitching for St. Louis Cardinals : RHP David Murphy
Batting: SHB Dave Barefoot 0-0: Ball
1-0: SINGLE (Groundball, 34D, EV 95.0 MPH)
Batting: SHB Saulo Maina 0-0: Ball
1-0: Ball
Dave Barefoot steals 2nd base
2-0: Called Strike
2-1: Ground out 4-3 (Groundball, 4, EV 85.6 MPH)
Dave Barefoot to third
Batting: LHB Antonio Figueroa 0-0: Ball
1-0: Foul Ball, location: 2F
1-1: Ball
2-1: Ball
3-1: SINGLE (Groundball, 6M, EV 94.4 MPH)
Dave Barefoot scores
Batting: RHB Steve Castleberry Pickoff Throw to First - Error! E1
Antonio Figueroa to second
0-0: Ball
Antonio Figueroa steals 3rd base
1-0: Foul Ball, location: 2F
1-1: Ball
2-1: Ball
3-1: Called Strike
3-2: Strikes out looking
Batting: RHB Joseph Kirchmann 0-0: Foul Ball, location: 2F
0-1: Swinging Strike
0-2: Ball
1-2: Ball
2-2: Strikes out swinging
Top of the 6th over - 1 run, 2 hits, 1 error, 1 left on base; Cincinnati 6 - St. Louis 8
BOTTOM OF THE 6TH
St. Louis Cardinals batting - Pitching for Cincinnati Reds : RHP Robbie Delgado
Batting: LHB Billy Guzman 0-0: Ball
1-0: Ball
2-0: Ball
3-0: Called Strike
3-1: Base on Balls
Batting: SHB Antoine Roux 0-0: Ball
1-0: Foul Ball, location: 2F
1-1: Ball
2-1: Ball
3-1: Base on Balls
Billy Guzman to second
Batting: LHB Armando Carbajal 0-0: Grounds into double play, 1-6-3 (Groundball, 13S, EV 70.6 MPH)
Billy Guzman to third
Batting: RHB Tyler Walker 0-0: Ball
1-0: Ball
2-0: Called Strike
2-1: Foul Ball, location: 2F
2-2: Ball
3-2: Foul Ball, location: 2F
3-2: Base on Balls
Batting: SHB Chris Blue 0-0: Called Strike
0-1: Ball
1-1: Ball
2-1: Fly out, F7 (Flyball, 7, EV 88.1 MPH)
Bottom of the 6th over - 0 runs, 0 hits, 0 errors, 2 left on base; Cincinnati 6 - St. Louis 8
TOP OF THE 7TH
Cincinnati Reds batting - Pitching for St. Louis Cardinals : RHP David Murphy
Batting: LHB Ricky Ayon 0-0: Foul Ball, location: 2F
0-1: Ball
1-1: Ball
2-1: Foul Ball, location: 2F
2-2: Strikes out swinging
Batting: SHB Jun Tsuda 0-0: Called Strike
0-1: Foul Ball, location: 2F
0-2: Foul Ball, location: 2F
0-2: SINGLE (Line Drive, 89S, EV 96.9 MPH)
Batting: RHB Tony Casas Pickoff Play to 1st, Runner tries for 2nd, OUT after rundown.
0-0: Ball
1-0: Ground out U3 (Groundball, 34S, EV 89.4 MPH)
Top of the 7th over - 0 runs, 1 hit, 0 errors, 0 left on base; Cincinnati 6 - St. Louis 8
BOTTOM OF THE 7TH
St. Louis Cardinals batting - Pitching for Cincinnati Reds : RHP Robbie Delgado
Batting: RHB Danny Gallo 0-0: Called Strike
0-1: Foul Ball, location: 2F
0-2: Foul Ball, location: 2F
0-2: Ball
1-2: Strikes out swinging
Batting: SHB Jason Kirby 0-0: Ground out 5-3 (Groundball, 5S, EV 93.1 MPH)
Batting: LHB Ichiro Toyota 0-0: Ball
1-0: Called Strike
1-1: Foul Ball, location: 2F
1-2: Strikes out swinging
Bottom of the 7th over - 0 runs, 0 hits, 0 errors, 0 left on base; Cincinnati 6 - St. Louis 8
TOP OF THE 8TH
Cincinnati Reds batting - Pitching for St. Louis Cardinals : RHP David Murphy
Pitching: LHP Nick Suggett
Batting: LHB Chris Grunwald 0-0: Ball
1-0: Foul Ball, location: 2F
1-1: Ball
2-1: Ball
3-1: Called Strike
3-2: Foul Ball, location: 2F
3-2: SINGLE (Line Drive, 56D, EV 95.6 MPH)
Pitching: RHP Mike Pemble
Batting: SHB Dave Barefoot 0-0: Called Strike
0-1: Ball
1-1: Swinging Strike
1-2: Ball
2-2: Strikes out swinging
Batting: SHB Saulo Maina 0-0: Ball
1-0: Called Strike
1-1: Called Strike
1-2: Strikes out swinging
Batting: LHB Antonio Figueroa 0-0: Swinging Strike
0-1: 2-RUN HOME RUN (Flyball, 78XD, EV 101.2 MPH), Distance : 394 ft
Batting: RHB Steve Castleberry 0-0: Foul Ball, location: 2F
0-1: Ball
1-1: Called Strike
1-2: Foul Ball, location: 2F
1-2: Ball
2-2: Ground out 6-3 (Groundball, 6, EV 108.8 MPH)
Top of the 8th over - 2 runs, 2 hits, 0 errors, 0 left on base; Cincinnati 8 - St. Louis 8
BOTTOM OF THE 8TH
St. Louis Cardinals batting - Pitching for Cincinnati Reds : RHP Robbie Delgado
Batting: LHB Pat Sutton 0-0: Ball
1-0: SOLO HOME RUN (Line Drive, 9LD, EV 96.2 MPH), Distance : 369 ft
Batting: LHB Billy Guzman 0-0: DOUBLE (Line Drive, 7LS, EV 96.9 MPH)
Batting: SHB Antoine Roux 0-0: Intentional Walk
Batting: LHB Armando Carbajal 0-0: Foul Ball, location: 2F
0-1: Ball
1-1: Foul Ball, location: 2F
1-2: Strikes out swinging
Batting: RHB Tyler Walker 0-0: Grounds into double play, 6-4-3 (Groundball, 6MD, EV 88.8 MPH)
Bottom of the 8th over - 1 run, 2 hits, 0 errors, 1 left on base; Cincinnati 8 - St. Louis 9
TOP OF THE 9TH
Cincinnati Reds batting - Pitching for St. Louis Cardinals : RHP Mike Pemble
Pitching: LHP John Fisher
Batting: RHB Joseph Kirchmann 0-0: Ball
1-0: Called Strike
1-1: Ball
2-1: Ball
3-1: Called Strike
3-2: Base on Balls
Batting: LHB Ricky Ayon 0-0: Ball
1-0: Sac Bunt to 3S - play at first, batter OUT! 3-1
Joseph Kirchmann to second
Batting: SHB Jun Tsuda 0-0: Called Strike
0-1: Called Strike
0-2: Strikes out swinging
Batting: RHB Tony Casas 0-0: Swinging Strike
0-1: Ball
1-1: Swinging Strike
1-2: Strikes out looking
Top of the 9th over - 0 runs, 0 hits, 0 errors, 1 left on base; Cincinnati 8 - St. Louis 9
Sunday, July 16th , 2023 - OOTP Baseball 24.6 Build 69